 Dungeon Crawl Stone Soup version 0.19-a0-1201-gda63bca (webtiles) character file.

240 Gorice the Cutter (level 5, 0/36 HPs)
             Began as a Demonspawn Enchanter on Aug 20, 2016.
             Succumbed to an adder's poison
             ... on level 2 of the Dungeon.
             The game lasted 00:16:47 (4915 turns).

Gorice the Cutter (Demonspawn Enchanter)            Turns: 4915, Time: 00:16:47

Health: 0/36       AC:  7    Str:  9    XL:     5   Next: 79%
Magic:  8/8        EV: 13    Int: 17    God:
Gold:   233        SH:  0    Dex: 18    Spells: 1 memorised, 7 levels left

rFire  + . .     SeeInvis .     a - +0 falchion
rCold  . . .     Gourm    .     e - +0 scale mail
rNeg   . . .     Faith    .     (no shield)
rPois  .         Spirit   .     (no helmet)
rElec  .         Dismiss  .     (no cloak)
rCorr  +         Reflect  .     (no gloves)
MR     .....     Harm     .     (no boots)
Stlth  ++........               (no amulet)
                                (no ring)
                                g - ring of resist corrosion

@: agile, lethally poisoned (0 -> -1)
A: rugged brown scales 1, fire resistance 1
a: no special abilities


You were on level 2 of the Dungeon.
You were not hungry.

You visited 1 branch of the dungeon, and saw 3 of its levels.

You collected 233 gold pieces.

Inventory:

Hand Weapons
 a - a +0 falchion (weapon)
 d - a +1 dagger
 f - a +0 war axe
 B - a +0 halberd
 D - a +0 short sword
Missiles
 j - 25 bolts
 r - 13 sling bullets
 t - 12 tomahawks (quivered)
 Z - 110 stones
Armour
 b - a +1 robe
 e - a +0 scale mail (worn)
 m - a +0 ring mail
 o - a +0 chain mail
 w - a +0 buckler
Jewellery
 g - a ring of resist corrosion (left hand)
Scrolls
 h - a scroll of fog {unknown}
 i - a scroll of fear {unknown}
 k - a scroll of random uselessness {unknown}
 l - 2 scrolls of teleportation {!r}
 u - 3 scrolls of remove curse {unknown}
 x - a scroll of magic mapping {unknown}
 y - a scroll of recharging {unknown}
Potions
 v - 2 potions of haste {!q}
Books
 c - a book of Maledictions
Comestibles
 p - a beef jerky
 q - 4 bread rations {!e}
 s - a meat ration {!e}
 C - 4 chunks of flesh


   Skills:
 - Level 5.1(5.2) Short Blades
 * Level 1.0(3.3) Long Blades
 - Level 1.7 Dodging
 - Level 2.6 Stealth
 - Level 2.0 Spellcasting
 - Level 3.0 Hexes


You had 7 spell levels left.
You knew the following spells:

 Your Spells              Type           Power        Failure   Level  Hunger
a - Corona                Hex            ##.....      50%         1    #......


Dungeon Overview and Level Annotations

Branches:
Dungeon (3/15)

Altars:
The Shining One

Annotations:
D:3 Terence


Innate Abilities, Weirdness & Mutations

You are partially covered in rugged brown scales. (AC +1, +3% HP)
Your flesh is heat resistant. (rF+)


Message History

You closely miss the adder.
The adder is almost dead.
* * * LOW HITPOINT WARNING * * *
You feel sick. The adder bites you.
* * * LOW HITPOINT WARNING * * *
The adder bites you but does no damage.
Damage: 2 (max 8)
You closely miss the adder.
The adder is almost dead.
The adder bites you but does no damage.
You hit the adder.
You kill the adder!
Your base Long Blades skill increases to level 1!
Unknown command.
There is a lethal amount of poison in your body!
There is a lethal amount of poison in your body!
There is a lethal amount of poison in your body!
There is a lethal amount of poison in your body!
There is a lethal amount of poison in your body!
There is a lethal amount of poison in your body!
There is a lethal amount of poison in your body!
There is a lethal amount of poison in your body!
Unknown command.
It was a potion of agility.
You feel agile all of a sudden.
* * * LOW HITPOINT WARNING * * *
You feel sick.
Okay, then.
There is a lethal amount of poison in your body!
There is a lethal amount of poison in your body!
Unknown command.
You cannot move.
You cannot move.
You cannot move.
You cannot move.
You cannot move.
You cannot move.
You cannot move.
You cannot move.
You cannot move.
You cannot move.
There is a lethal amount of poison in your body!
There is a lethal amount of poison in your body!
There is a lethal amount of poison in your body!
There is a lethal amount of poison in your body!
There is a lethal amount of poison in your body!
There is a lethal amount of poison in your body!
You feel less woody.
Your +0 scale mail unmelds from your body.
You die...

##.# #.# .#.####.# .#......#
...####.# #..#..#.# ##....#.#
#.)...#.# ......#.##########
...............)@#
.##...#.#......#.#########
###...#.#.####.#.........# #
#...#.#.#..#.#..######.# #
#...#.#.#..#.#..#......# #
#...#.#.#....#..#.######### #
#...#.#.#.####..#.##......# #
#..<#.#.........#....####.#
###..##.#.................#.#


There were no monsters in sight!

Vanquished Creatures
  An orc wizard (D:3)
  10 adders
  4 gnolls
  2 oozes
  2 dart slugs
  9 orcs (D:3)
  A ball python (D:2)
  5 giant cockroaches
  4 goblins
  5 hobgoblins
  2 jackals (D:2)
  7 kobolds
  2 quokkas
  9 bats
  2 giant newts (D:1)
  6 rats
  A fungus (D:1)
72 creatures vanquished.

Notes
Turn   | Place    | Note
-------+----------+-------------------------------------------
     0 | D:1      | Gorice the Demonspawn Enchanter began the quest for the Orb.
     0 | D:1      | Reached XP level 1. HP: 13/13 MP: 3/3
   110 | D:1      | Reached skill level 1 in Short Blades
   441 | D:1      | Gained mutation: You are partially covered in rugged brown scales. (AC +1, +3% HP) [demonic ancestry]
   441 | D:1      | Reached XP level 2. HP: 10/19 MP: 1/5
   648 | D:1      | Reached skill level 2 in Short Blades
  1263 | D:2      | Reached XP level 3. HP: 9/24 MP: 6/6
  1266 | D:2      | HP: 7/24 [poisoned by an adder]
  1272 | D:2      | HP: 6/24 [poisoned by an adder]
  1279 | D:2      | HP: 4/24 [poisoned by an adder]
  1865 | D:2      | Reached skill level 3 in Short Blades
  1901 | D:2      | HP: 6/24 [adder (3)]
  1908 | D:2      | HP: 5/24 [adder (1)]
  2209 | D:2      | Reached XP level 4. HP: 21/30 MP: 7/7
  2748 | D:2      | Found a glowing golden altar of the Shining One.
  2877 | D:2      | Reached skill level 4 in Short Blades
  3555 | D:3      | Gained mutation: Your flesh is heat resistant. (rF+) [demonic ancestry]
  3555 | D:3      | Reached XP level 5. HP: 24/36 MP: 6/8
  4393 | D:3      | Reached skill level 5 in Short Blades
  4776 | D:3      | Noticed Terence
  4790 | D:3      | HP: 9/36 [Terence/morningstar (8)]
  4791 | D:3      | HP: 4/36 [Terence/morningstar (5)]
  4792 | D:3      | HP: 1/36 [Terence/morningstar (8)]
  4858 | D:3      | HP: 3/36 [Terence/morningstar (6)]
  4883 | D:3      | HP: 5/36 [adder (1)]
  4900 | D:2      | HP: 8/54 [adder (2)]
  4904 | D:2      | HP: 3/54 [adder (3)]
  4908 | D:2      | HP: 1/54 [adder (1)]
  4910 | D:2      | Reached skill level 1 in Long Blades
  4915 | D:2      | Succumbed to an adder's poison

Vault maps used:
D:1:      lemuel_arrival_cross, minmay_gold_behind_fungi, minmay_misc_feat_chi
D:2:      tso_oasis_becter, first_bread, grunt_decor_clamped
D:3:      kennysheep_nondescript, uniq_terence

Skill      XL: |  1  2  3  4  5 |
---------------+----------------+-----
Short Blades   | 1 2 3 4 5 |  5.1
Long Blades    | 1 |  1.0
Dodging        | |  1.7
Stealth        | |  2.6
Spellcasting   | |  2.0
Hexes          | |  3.0

Action                   |  1- 3 |  4- 6 || total
-------------------------+-------+-------++-------
Melee: Dagger            |   117 |       ||   117
       Short sword       |    59 |   245 ||   304
       Falchion          |       |    57 ||    57
Throw: Stone             |     6 |       ||     6
       Tomahawk          |     2 |     2 ||     4
 Cast: Corona            |    16 |    31 ||    47
  Use: Scroll            |     2 |     3 ||     5
       Potion            |       |     3 ||     3
  Eat: Chunk             |     5 |    10 ||    15
Armor: Scale mail        |    75 |   147 ||   222
       Skin              |       |     8 ||     8
Dodge: Dodged            |    63 |   135 ||   198

Table legend:
 A = Turns spent in this place as a percentage of turns spent in the entire game.
 B = Non-inter-level travel turns spent in this place as a percentage of non-inter-level travel turns spent in the entire game.
 C = Inter-level travel turns spent in this place as a percentage of turns spent in this place.
 D = Turns resting spent in this place as a percentage of non-inter-level travel turns spent in this place.
 E = Turns spent auto-exploring this place as a percentage of non-inter-level travel turns spent in this place.
 F = Non-inter-level travel turns spent in this place divided by the number of levels of this place that you've seen.
                   A       B       C       D       E      F
               +-------+-------+-------+-------+-------+----------------------
         Total | 100.0 | 100.0 |   0.2 |   6.0 |   3.9 | 577.0
       Dungeon | 100.0 | 100.0 |   0.2 |   6.0 |   3.9 | 577.0
               +-------+-------+-------+-------+-------+----------------------

Vault maps used:
D:1:      lemuel_arrival_cross, minmay_gold_behind_fungi, minmay_misc_feat_chi
D:2:      tso_oasis_becter, first_bread, grunt_decor_clamped
D:3:      kennysheep_nondescript, uniq_terence
